 Dungeon Crawl Stone Soup version 0.27.1-33-g824d729ab1 (webtiles) character file.

Game seed: 11149943731009089903

17452 wolfnether the Cleaver (level 12, -3/80 HPs)
             Began as a Gargoyle Berserker on Dec 10, 2021.
             Was an Elder of Trog.
             Killed from afar by an ogre mage (22 damage)
             ... with a bolt of magma
             ... on level 12 of the Dungeon.
             The game lasted 00:29:07 (12736 turns).

wolfnether the Cleaver (Gargoyle Berserker)        Turns: 12736, Time: 00:29:07

Health: -3/80      AC: 23    Str: 31      XL:     12   Next: 48%
Magic:  12/12      EV: 12    Int:  7      God:    Trog [****..]
Gold:   701        SH:  0    Dex:  8 (9)  Spells: 11/11 levels left

rFire    . . .     SeeInvis .   t - +1 hand axe (elec) {axe}
rCold    . . .     Faith    .   (no shield)
rNeg     + . .     Spirit   .   I - +1 swamp dragon scales
rPois    ∞         Reflect  .   h - +0 helmet
rElec    +         Harm     .   K - +0 cloak
rCorr    .         Rampage  .   n - +0 pair of gloves
Will     .....                  (no boots)
Stlth    ++........             (no amulet)
HPRegen  0.23/turn              d - +6 ring of strength
MPRegen  0.13/turn              (no ring)

@: on berserk cooldown, slowed, very slow
A: sickness immunity, AC +8, negative energy resistance 1, electricity
resistance, torment resistance 1, petrification resistance, deterioration 1,
weak 1
a: Renounce Religion, Berserk, Trog's Hand, Brothers in Arms


You were on level 12 of the Dungeon.
You worshipped Trog.
Trog was greatly pleased with you.
You visited 1 branch of the dungeon, and saw 12 of its levels.
You also visited: Ossuary.

You collected 701 gold pieces.


Innate Abilities, Weirdness & Mutations

You are immune to sickness and miasma.
Your stone body is resilient. (AC +8)
You are immune to poison.
You resist negative energy. (rN+)
You are resistant to electric shocks. (rElec)
You are resistant to unholy torment.
You are immune to petrification.
Your body sometimes deteriorates upon taking damage.
You are weak. (Str -2)


   Skills:
 + Level 11.1 Fighting
 + Level 12.7 Axes
 + Level 7.4 Armour
 + Level 7.0 Dodging
 + Level 4.3 Stealth


You had 11 spell levels left.
You didn't know any spells.
Your spell library contained the following spells:

 Spells                   Type           Power      Damage    Failure   Level
 Animate Skeleton         Necr           0%         N/A       54%         1
 Corona                   Hex            0%         N/A       54%         1
 Pain                     Necr           0%         1d4       54%         1
 Shock                    Conj/Air       0%         1d3       54%         1
 Ensorcelled Hibernation  Hex/Ice        0%         N/A       67%         2
 Static Discharge         Conj/Air       0%         N/A       67%         2
 Frozen Ramparts          Ice            0%         1d2       88%         3
 Tukima's Dance           Hex            0%         N/A       88%         3
 Vampiric Draining        Necr           0%         2d6       88%         3
 Ice Form                 Ice/Tmut       0%         N/A       99%         4
 Iskenderun's Mystic Bla  Conj/Tloc      0%         2d3       99%         4
 Leda's Liquefaction      Hex/Erth       0%         N/A       99%         4
 Summon Ice Beast         Ice/Summ       0%         N/A       99%         4
 Lightning Bolt           Conj/Air       0%         1d11      100%        5
 Spellforged Servitor     Conj/Summ      0%         N/A       100%        7
 Maxwell's Capacitive Co  Air            0%         ∞         100%        8

Inventory:

Hand Weapons
 t - a +1 hand axe of electrocution (weapon) {axe}
   (You found it on level 4 of the Dungeon)
 v - the +6 dagger "Grim" {venom, Str+4 Int-4 SInv, short}
   (You found it on level 6 of the Dungeon)

   It poisons the flesh of those it strikes.
   Str:       It affects your strength (+4).
   Int:       It affects your intelligence (-4).
   SInv:      It lets you see invisible.
Missiles
 c - 311 stones (quivered) {throwing}
 j - 83 sling bullets
 k - 2 throwing nets {=f!fthrowing}
 m - 204 arrows
 o - 3 boomerangs {throwing}
 q - 63 poisoned darts {throwing}
 x - 26 bolts
 M - a curare-tipped dart {=fthrowing}
Armour
 h - a +0 helmet (worn)
   (You took it off Robin on level 2 of the Dungeon)
 n - a +0 pair of gloves (worn)
   (You found it on level 2 of the Dungeon)
 I - +1 swamp dragon scales (worn)
   (You took it off Maggie on level 9 of the Dungeon)
 K - a +0 cloak (worn)
   (You found it on level 10 of the Dungeon)
Magical Staves
 l - a staff of poison {forbidden!astaff}
   (You found it on level 1 of the Dungeon)
 y - a staff of death {forbidden!astaff}
   (You found it on level 7 of the Dungeon)
Jewellery
 d - a +6 ring of strength (left hand)
   (You found it on level 1 of the Dungeon)
 z - a ring of protection from cold
   (You found it on level 7 of the Dungeon)
 F - a +6 ring of dexterity
   (You found it on level 8 of the Dungeon)
Wands
 s - a wand of mindburst (26)
   (You found it on level 3 of the Dungeon)
Scrolls
 i - 4 scrolls of enchant weapon
 r - 2 scrolls of immolation {!r!r}
 A - 4 scrolls of teleportation {@r4}
 C - 2 scrolls of summoning
 E - 4 scrolls of identify {@r1}
 H - a scroll of torment {!r}
 J - 2 scrolls of vulnerability {!r!r}
 L - a scroll of fear
Potions
 a - 3 potions of haste {@q3}
 b - 6 potions of curing {@q1}
 e - 4 potions of flight
 f - a potion of resistance
 g - 5 potions of lignification {!q}
 p - 4 potions of cancellation
 u - a potion of berserk rage {!q}
 w - 3 potions of brilliance
 B - 2 potions of ambrosia
 D - 3 potions of might
 G - 2 potions of heal wounds {@q2}

Dungeon Overview and Level Annotations

Branches:
Dungeon (12/15)            Temple (0/1) D:6            Lair (0/6) D:11
    Orc (0/2) D:9         Ossuary (visited)

Altars:
Wu Jian

Shops:
D:6 :

Annotations:
D:11 Sonja

#/..####.).##..#
#..######).###.#
$.##...:##..##.#
.##....##..##.#
..##....##..##.#
/.##...)##..##.#
#..##..##..###.#
#[..#.{#...##..#
##....H@..###.##
####)...####..#
##########.##
..######....# #
..... ...###
.##### #..# #
.## .#


You could see a manticore.


Message History

You hit the tengu warrior but do no damage. 😕 HP[+1]
You miss the tengu warrior.
The tengu warrior completely misses you.
The tengu warrior pecks you.
The tengu warrior barely misses you. 😕 HP[-1]
You take 1 damage, and now have 99/120 hp.
You closely miss the tengu warrior. You closely miss the tengu warrior.
The tengu warrior hits you but does no damage.
The tengu warrior pecks you but does no damage.
The tengu warrior claws you but does no damage. 😕 HP[+1]
You completely miss the tengu warrior. You closely miss the tengu warrior.
The tengu warrior hits you with a +0 glaive.
The tengu warrior pecks you but does no damage.
The tengu warrior completely misses you. 😕 HP[-4]
You take 4 damage, and now have 96/120 hp.
You closely miss the tengu warrior.
You completely miss the tengu warrior. 😕 HP[+1]
You barely miss the tengu warrior. The tengu warrior closely misses you.
The tengu warrior barely misses you. The tengu warrior misses you. 😕 HP[+1]
You miss the tengu warrior. You slice the tengu warrior!!
Lightning courses through the tengu warrior!
You kill the tengu warrior!
Trog accepts your kill.
Your Dodging skill increases to level 7! 😕 HP[+1] No reachable target in view!
No reachable target in view!
Things that are here:
a +0 glaive {polearm}; a +0 leather armour 😕 HP[+1] No reachable target in view!
You feel a strong urge to attack something. 😕 HP[+1]
You are no longer berserk.
You are exhausted.
You feel yourself slow down. 😕 HP[-33]
You now have 80 max hp (-40).
You start resting. 😎 HP[+12]
Your hp is fully restored (80).
No reachable target in view!
You feel the effects of Trog's Hand fading.
The ogre mage barely misses you.
You slash the ogre mage!
Lightning courses through the ogre mage!
The ogre mage barely misses you.
You slash the ogre mage! You hit the manticore.
The ogre mage points at you and mumbles some strange words.
You resist with almost no effort. The manticore bites you!
The manticore misses you.
The manticore claws you but does no damage. 😕 HP[-13]
You take 13 damage, and now have 67/80 hp.
You barely miss the ogre mage. You barely miss the manticore.
Your skin stops crawling.
You feel less strong-willed.
The ogre mage casts a spell.
The ogre mage flickers and vanishes!
Deactivating autopickup; reactivate with Ctrl-A.
The manticore bites you! The manticore claws you!
The manticore claws you but does no damage. 😮 HP[-22]
You take 22 damage, and now have 45/80 hp.
MASSIVE DAMAGE!! (PAUSE)
You hit something. Lightning courses through something!
You hit the manticore but do no damage. Something hits you but does no damage.
The manticore barely misses you. The manticore closely misses you. x2
You closely miss something. You hit the manticore but do no damage.
Lightning courses through the manticore!
You hear some strange, mumbled words.
Something tries to affect you, but you resist.
The manticore closely misses you. The manticore claws you.
* * * LOW HITPOINT WARNING * * *
The manticore claws you.
* * * LOW HITPOINT WARNING * * *
😨 HP[-11]
You take 11 damage, and now have 34/80 hp.
You hit the manticore. You hit something.
Something hits you but does no damage. The manticore misses you.
The manticore claws you but does no damage. x2
You hit something. You slash the manticore! Something completely misses you.
The manticore bites you!
* * * LOW HITPOINT WARNING * * *
The manticore closely misses you.
The manticore claws you but does no damage. 😱 HP[-15]
You take 15 damage, and now have 19/80 hp.
You barely miss the manticore. You hit something.
You hear some strange, mumbled words.
A bolt of magma appears from out of thin air!
The bolt of magma hits you!!
You die...

Skill      XL: |  1  2  3  4  5  6  7  8  9 10 11 12 |
---------------+-------------------------------------+-----
Axes           | 3 4 5 6 7 9 11 12 | 12.7
Dodging        | 2 3 4 5 6 7 |  7.0
Fighting       | 4 5 6 7 9 10 11 | 11.1
Armour         | 3 4 5 6 7 |  7.4
Stealth        | 1 3 4 |  4.3

Action                   |  1- 3 |  4- 6 |  7- 9 | 10-12 || total
-------------------------+-------+-------+-------+-------++-------
Melee: Hand axe          |    64 |   120 |   255 |   484 ||   923
Invok: Berserk           |     2 |     2 |     3 |    12 ||    19
       Trog's Hand       |       |     2 |     4 |    13 ||    19
       Brothers in Arms  |       |       |       |     1 ||     1
  Use: Scroll            |     2 |    10 |     4 |     7 ||    23
       Potion            |       |       |     2 |     1 ||     3
 Stab: Sleeping          |       |       |     1 |       ||     1
Armor: Animal skin       |    14 |       |       |       ||    14
       Leather armour    |     7 |    38 |    88 |    64 ||   197
       Swamp dragon scal |       |       |       |   167 ||   167
Dodge: Dodged            |    28 |    81 |   146 |   310 ||   565

Levels and vault maps discovered:
D:1:      mrwooster_arrival_statue_2, layout_rooms,
          chequers_ecumenical_altar_simple, chequers_serial_rivers_micro_b,
          chequers_serial_rivers_micro_d, supply_closet_lemuel,
          grunt_decor_clamped
D:2:      layout_basic, uniq_sigmund, uniq_robin
D:3:      layout_loops_ring
D:4:      layout_loops_cross, amcnicky_altar_gilded, minmay_misc_feat_diagonals,
          skrybe_limestone_x, grunt_ministairs_15
D:5:      layout_loops_cross, hangedman_abyss_or_decor_passed
D:6:      minmay_cornered_nines, layout_loops_ring,
          minmay_temple_entry_glassed_door, serial_shops, nicolae_lakefront_shop
D:7:      layout_gridville, nicolae_ossuary_entry_ruins
D:8:      layout_loops_ring, gammafunk_ghost_stat_death
D:9:      layout_basic, orc_0_dummy, enter_bailey_3, uniq_maggie, uniq_gastronok
D:10:     layout_long_grid, uniq_nergalle
D:11:     layout_loops_ring, erik_lair_orcish_takeover, uniq_sonja
D:12:     minmay_big_diamond_grid, layout_basic, minmay_misc_feat_tiny,
          chequers_garden, minmay_mirror_moons_of_madness

Notes
Turn   | Place    | Note
-------+----------+-------------------------------------------
     0 | D:1      | wolfnether the Gargoyle Berserker began the quest for the
                  | Orb.
     0 | D:1      | Reached XP level 1. HP: 14/14 MP: 1/1
     0 | D:1      | magus.rc [v1.9.6]
   209 | D:1      | Found a faded altar of an unknown god.
   236 | D:1      | Reached XP level 2. HP: 19/19 MP: 2/2
   290 | D:1      | Reached skill level 3 in Axes
   901 | D:1      | Reached XP level 3. HP: 24/24 MP: 3/3
  1387 | D:2      | Noticed Sigmund
  1394 | D:2      | Reached skill level 2 in Dodging
  1397 | D:2      | Killed Sigmund
  1398 | D:2      | Reached skill level 4 in Fighting
  1398 | D:2      | Reached skill level 4 in Axes
  1398 | D:2      | Reached XP level 4. HP: 30/30 MP: 4/4
  1398 | D:2      | Reached XP level 5. HP: 34/34 MP: 5/5
  1510 | D:2      | Reached ** piety under Trog
  1517 | D:2      | Noticed Robin
  1534 | D:2      | HP: 7/34 [Robin (4)]
  1537 | D:2      | Killed Robin
  1538 | D:2      | Reached XP level 6. HP: 6/39 MP: 6/6
  2347 | D:3      | You pick up a book of Maledictions {forbidden} and begin
                  | reading...
  2347 | D:3      | You add the spells Corona, Ensorcelled Hibernation and
                  | Tukima's Dance to your library.
  2410 | D:3      | Reached skill level 3 in Armour
  2673 | D:3      | Reached *** piety under Trog
  2909 | D:4      | Noticed a necrophage
  2915 | D:4      | Killed a necrophage
  2916 | D:4      | Reached skill level 5 in Axes
  2971 | D:4      | Reached XP level 7. HP: 32/44 MP: 7/7
  3032 | D:4      | Found an ornate altar of the Wu Jian Council.
  3319 | D:4      | Reached skill level 5 in Fighting
  3365 | D:4      | Reached skill level 3 in Dodging
  3771 | D:5      | Entered Level 5 of the Dungeon
  3901 | D:5      | Reached skill level 6 in Axes
  4022 | D:5      | Reached XP level 8. HP: 50/50 MP: 8/8
  4426 | D:5      | Reached skill level 4 in Armour
  4541 | D:5      | Gained mutation: Your mind is acute. (Int +2) [potion of
                  | mutation]
  4541 | D:5      | Gained mutation: You are weak. (Str -2) [potion of
                  | mutation]
  4550 | D:6      | Reached skill level 1 in Stealth
  4589 | D:6      | Reached **** piety under Trog
  4641 | D:6      | Lost mutation: Your mind is acute. (Int +2) [potion of
                  | mutation]
  4641 | D:6      | Gained mutation: Your body sometimes deteriorates upon
                  | taking damage. [potion of mutation]
  4689 | D:6      | Reached skill level 7 in Axes
  4740 | D:6      | Reached skill level 6 in Fighting
  4756 | D:6      | Reached skill level 4 in Dodging
  4780 | D:6      | Noticed a yak
  4790 | D:6      | Killed a yak
  4791 | D:6      | Reached XP level 9. HP: 54/55 MP: 9/9
  4814 | D:6      | Identified the +6 dagger "Grim" {venom, Str+4 Int-4 SInv}
  4825 | D:6      | Reached skill level 2 in Stealth
  5036 | D:6      | Reached skill level 8 in Axes
  5676 | D:6      | Found a staircase to the Ecumenical Temple.
  5712 | D:6      | Found Kaaxkaewih's Book Boutique.
  5997 | D:7      | HP: 21/84 [yak (2)]
  6005 | D:7      | HP: 19/84 [yak (5)]
  6009 | D:7      | Reached skill level 7 in Fighting
  6009 | D:7      | Reached skill level 5 in Armour
  6010 | D:7      | Reached skill level 5 in Dodging
  6010 | D:7      | HP: 11/85 [yak (10)]
  6012 | D:7      | Reached skill level 3 in Stealth
  6063 | D:7      | You pick up a book of Necromancy {forbidden} and begin
                  | reading...
  6063 | D:7      | You add the spells Pain, Animate Skeleton and Vampiric
                  | Draining to your library.
  6241 | D:7      | Reached skill level 9 in Axes
  6457 | D:7      | Found a sand-covered staircase.
  6466 | Ossuary  | Entered an ossuary
  6687 | Ossuary  | Reached XP level 10. HP: 61/63 MP: 10/10
  6936 | D:7      | You pick up a book of Lightning {forbidden} and begin
                  | reading...
  6936 | D:7      | You add the spells Static Discharge, Lightning Bolt and
                  | Maxwell's Capacitive Coupling to your library.
  7183 | D:8      | Reached skill level 8 in Fighting
  7191 | D:8      | Noticed Garym's ghost (novice MiGl)
  7323 | D:8      | Found a transporter.
  7363 | D:8      | Reached ***** piety under Trog
  7591 | D:8      | Found a transporter.
  7905 | D:8      | Killed Garym's ghost
  7906 | D:8      | Reached skill level 10 in Axes
  8019 | D:9      | Noticed a two-headed ogre
  8021 | D:9      | Noticed a two-headed ogre
  8026 | D:9      | Killed a two-headed ogre
  8033 | D:9      | Killed a two-headed ogre
  8034 | D:9      | Reached skill level 9 in Fighting
  8065 | D:9      | Noticed Gastronok
  8081 | D:9      | HP: 9/66 [Gastronok/the air (11)]
  8083 | D:9      | Killed Gastronok
  8084 | D:9      | Reached skill level 11 in Axes
  8084 | D:9      | Reached XP level 11. HP: 16/71 MP: 11/11
  8523 | D:9      | Noticed Maggie
  8562 | D:9      | Killed Maggie
  8631 | D:9      | Reached skill level 6 in Dodging
  8824 | D:9      | Noticed a two-headed ogre
  8832 | D:9      | Killed a two-headed ogre
  8833 | D:9      | Reached skill level 4 in Stealth
  9056 | D:9      | Found a staircase to the Orcish Mines.
  9403 | D:10     | Entered Level 10 of the Dungeon
  9431 | D:10     | You pick up a book of Rime {forbidden} and begin reading...
  9431 | D:10     | You add the spells Frozen Ramparts, Ice Form and Summon Ice
                  | Beast to your library.
  9694 | D:10     | Reached skill level 10 in Fighting
  9920 | D:10     | Noticed Nergalle
  9931 | D:10     | Noticed a spectral orc warlord
  9939 | D:10     | Killed Nergalle
  9940 | D:10     | Reached skill level 6 in Armour
 10135 | D:10     | Reached skill level 12 in Axes
 10444 | D:11     | Found a staircase to the Lair.
 10462 | D:11     | HP: 27/109 [warg (10)]
 10470 | D:11     | HP: 19/109 [orc priest/divine providence (10)]
 10476 | D:11     | HP: 13/109 [kobold brigand (5)]
 10478 | D:11     | Reached XP level 12. HP: 14/78 MP: 12/12
 11026 | D:11     | Noticed a two-headed ogre
 11046 | D:11     | Killed a two-headed ogre
 11673 | D:11     | You add the spells Shock, Iskenderun's Mystic Blast, Leda's
                  | Liquefaction and Spellforged Servitor to your library.
 11673 | D:11     | Got the Grimoire of Enchanting Conjuration {forbidden@e2}
 11871 | D:11     | Noticed Sonja
 11886 | D:11     | HP: 19/79 [Sonja (4)]
 11909 | D:11     | HP: 16/79 [Sonja (6)]
 12399 | D:12     | Reached skill level 7 in Armour
 12676 | D:12     | Noticed an ogre mage
 12682 | D:12     | Reached skill level 11 in Fighting
 12682 | D:12     | Noticed a tengu warrior
 12713 | D:12     | Killed a tengu warrior
 12714 | D:12     | Reached skill level 7 in Dodging
 12735 | D:12     | HP: 19/80 [manticore (16)]
 12736 | D:12     | Killed from afar by an ogre mage

Vanquished Creatures
  Gastronok (D:9)
  4 two-headed ogres
  A tengu warrior (D:12)
  Nergalle (D:10)
  The ghost of Garym the Cruncher, a novice MiGl of Okawaru (D:8)
  A deep elf pyromancer (D:12)
  Maggie (D:9)
  A gargoyle (D:11)
  2 kobold demonologists (D:11)
  An efreet (D:9)
  5 trolls
  Sigmund (D:2)
  2 shadows (D:12)
  A wraith (D:11)
  A wyvern (D:11)
  20 yaks
  2 steam dragons
  2 vampire mosquitoes (D:11)
  2 wargs (D:11)
  2 water moccasins
  2 black bears
  3 orc warriors
  A sky beast (D:7)
  An ogre (D:4)
  3 necrophages
  A phantom (D:6)
  5 centaurs
  2 elf zombies (Ossuary)
  4 kobold brigands
  A bullfrog (D:6)
  2 gnoll sergeants
  A wyvern zombie (D:5)
  A scorpion (D:5)
  2 water moccasin skeletons (D:5)
  6 killer bees
  3 wights (D:6)
  7 howler monkeys
  3 centaur zombies
  3 quasits (D:8)
  3 human zombies (Ossuary)
  4 hounds
  A jelly (D:7)
  5 orc priests
  2 iguanas (D:7)
  6 orc wizards
  2 mummies (Ossuary)
  2 hound skeletons
  Robin (D:2)
  12 gnolls
  2 adders
  A shadow imp (D:7)
  3 dart slugs
  25 orcs
  6 ball pythons
  5 bats
  8 endoplasms
  A giant cockroach (D:1)
  26 goblins
  8 hobgoblins
  4 jackals (D:3)
  6 quokkas
  A frilled lizard (D:1)
  12 hobgoblin zombies (Ossuary)
  18 kobolds
  8 kobold zombies (Ossuary)
  8 orc zombies (Ossuary)
  4 rats
  3 rat zombies (Ossuary)
290 creatures vanquished.

Vanquished Creatures (collateral kills)
  2 quasits (D:8)
2 creatures vanquished.

Grand Total: 292 creatures vanquished

Table legend:
 A = Non-vault XP
 B = Vault XP
 C = Vault XP percentage of total XP
 D = Non-vault monster count
 E = Vault monster count
 F = Vault count percentage of total count
                 A         B        C        D         E       F
            +---------+---------+-------+---------+---------+-------
      Total |   16700 |    8232 |  33.0 |     205 |      87 |  29.8
            +---------+---------+-------+---------+---------+-------
        D:1 |      39 |       0 |   0.0 |      22 |       0 |   0.0
        D:2 |      49 |     257 |  84.0 |      16 |      14 |  46.7
        D:3 |      81 |       0 |   0.0 |      24 |       0 |   0.0
        D:4 |     266 |     156 |  37.0 |      18 |       5 |  21.7
        D:5 |     631 |       0 |   0.0 |      22 |       0 |   0.0
        D:6 |    1149 |     456 |  28.4 |      14 |       3 |  17.6
        D:7 |    1650 |       0 |   0.0 |      19 |       0 |   0.0
        D:8 |     980 |     990 |  50.3 |      15 |       6 |  28.6
        D:9 |    3572 |    2608 |  42.2 |      14 |       6 |  30.0
       D:10 |    3243 |     820 |  20.2 |      18 |       1 |   5.3
       D:11 |    3927 |     558 |  12.4 |      19 |       8 |  29.6
       D:12 |    1113 |    1954 |  63.7 |       4 |       5 |  55.6
    Ossuary |       0 |     433 | 100.0 |       0 |      39 | 100.0
            +---------+---------+-------+---------+---------+-------

Illustrated notes

Table legend:
 A = Kills in this place as a percentage of kills in entire the game.
 B = Kills by you in this place as a percentage of kills by you in the entire game.
 C = Kills by friends in this place as a percentage of kills by friends in the entire game.
 D = Other kills in this place as a percentage of other kills in the entire game.
 E = Experience gained in this place as a percentage of experience gained in the entire game.
 F = Experience gained in this place divided by the number of levels of this place that you have seen.
                   A       B       C       D       E      F
               +-------+-------+-------+-------+-------+----------------------
         Total | 100.0 | 100.0 | 100.0 |   N/A | 100.0 | 1917.8
       Dungeon |  86.6 |  86.6 | 100.0 |   N/A |  98.3 | 2041.6
       Ossuary |  13.4 |  13.4 |   0.0 |   N/A |   1.7 | 433.0
               +-------+-------+-------+-------+-------+----------------------

Table legend: (Time is in decaauts)
 A = Elapsed time spent in this place.
 B = Non-inter-level travel time spent in this place.
 C = Inter-level travel time spent in this place.
 D = Time resting spent in this place.
 E = Time spent auto-exploring this place.
 F = Levels seen in this place.
 G = Mean time per level.
                   A        B        C        D        E       F      G
               +--------+--------+--------+--------+--------+-----+--------+
         Total |  12752 |  12489 |    263 |   3008 |   7708 |  13 |  980.9 |
       Dungeon |  12455 |  12192 |    263 |   3008 |   7550 |  12 | 1037.9 |
       Ossuary |    296 |    296 |      0 |      0 |    158 |   1 |  296.0 |
               +--------+--------+--------+--------+--------+-----+--------+

Top non-repeatable levels by time:
    D:11: 1884 daAuts
     D:9: 1443 daAuts
     D:6: 1398 daAuts
     D:1: 1202 daAuts
    D:10: 1020 daAuts
     D:2: 1011 daAuts
     D:8: 969 daAuts
     D:4: 876 daAuts
     D:5: 783 daAuts
     D:7: 744 daAuts
     D:3: 739 daAuts
    D:12: 382 daAuts
 Ossuary: 296 daAuts
